 Dungeon Crawl Stone Soup version 0.20.0-10-g0535bb4 (webtiles) character file.

442 Hasart the Cudgeler (level 7, -8/49 HPs)
             Began as an Octopode Fighter on June 6, 2017.
             Mangled by an orc warrior
             ... wielding a +0 flail
              (24 damage)
             ... on level 3 of the Dungeon.
             The game lasted 00:08:37 (4412 turns).

Hasart the Cudgeler (Octopode Fighter)              Turns: 4412, Time: 00:08:38

Health: -8/49      AC:  1    Str: 17    XL:     7   Next: 2%
Magic:  7/7        EV: 13    Int: 10    God:
Gold:   185        SH:  9    Dex: 12    Spells: 6/6 levels left

rFire    . . .     SeeInvis .   a - +0 flail
rCold    . . .     Gourm    .   b - +0 shield
rNeg     . . .     Faith    .   (helmet restricted)
rPois    .         Spirit   .   (no amulet)
rElec    .         Reflect  .   (no ring)
rCorr    .         Harm     .   (no ring)
MR       .....                  (no ring)
Stlth    ++........             (no ring)
Regen    0.2/turn               (no ring)
MPRegen  0.1/turn               (no ring)
                                (no ring)
                                (no ring)

@: no status effects
A: almost no armour, stealthy swim, amphibious, 8 rings, constrict 8, camouflage
1, gelatinous body 1
a: no special abilities


You were on level 3 of the Dungeon.
You were very hungry.

You visited 1 branch of the dungeon, and saw 4 of its levels.
You also visited: Sewer.

You collected 185 gold pieces.

Inventory:

Hand Weapons
 a - a +0 flail (weapon)
Armour
 b - a +0 shield (worn)
Scrolls
 e - 3 scrolls of noise {unknown}
 k - a scroll of identify {unknown}
 l - 2 scrolls of enchant armour {unknown}
 m - a scroll of recharging {unknown}
 p - a scroll of teleportation {unknown}
 r - a scroll of fog {unknown}
Potions
 c - a potion of might
 g - 3 potions of heal wounds {unknown}
 i - 3 potions of curing
 j - 3 potions of agility
 n - a potion of degeneration {unknown}
 o - a potion of magic {unknown}
 q - 2 potions of haste {unknown}
 s - a potion of lignification {unknown}
 t - a potion of ambrosia {unknown}
Comestibles
 d - 3 bread rations
 f - 3 royal jellies
 h - 6 fruits


   Skills:
 + Level 4.3 Fighting
 * Level 4.5 Maces & Flails
 + Level 4.4 Dodging
 + Level 4.3 Shields


You had 6 spell levels left.
You didn't know any spells.

Dungeon Overview and Level Annotations

Branches:
Dungeon (4/15)
 Temple: D:4-7

Altars:
Fedhas
Hepliaklqana
Sif Muna
Trog
Uskayaw


Innate Abilities, Weirdness & Mutations

You cannot wear most types of armour.
You are very stealthy in the water. (Stealth+)
You are amphibious.
You can wear up to eight rings at the same time.
You can use your tentacles to constrict eight enemies at once.
Your skin changes colour to match your surroundings (Stealth+).
Your rubbery body absorbs attacks. (AC +1, EV +1)


Message History

There is a stone staircase leading down here.
You hit the orc warrior but do no damage.
Your grab misses the orc warrior. The orc warrior hits you with a flail!
You barely miss the orc warrior. You grab the orc warrior.
You constrict the orc warrior, but do no damage.
You block the orc warrior's attack.
You completely miss the orc warrior. You squeeze the orc warrior.
The orc warrior is lightly wounded.
You constrict the orc warrior. You block the orc warrior's attack.
You hit the orc warrior.
The orc warrior is moderately wounded.
You constrict the orc warrior. You block the orc warrior's attack.
You hit the orc warrior.
The orc warrior is moderately wounded.
You constrict the orc warrior. You block the orc warrior's attack.
You hit the orc warrior but do no damage.
The orc warrior is heavily wounded.
You constrict the orc warrior, but do no damage.
The orc warrior hits you with a flail! The orc warrior hits you with a flail!!
You die...

#.##.#
#.........###.......##
####.# #.#.#.###.#
##.....## #.#
#..##..##.# ##...##
####.# ##.###.#.#.#
##'## ...#.#
#..##..##..# #.#
##.#.# ##.##.##.#.#
#.# ##.#.# #..#.#.##.#
##.## .....#
#.#...###.# ##...##
##.### #.....)@oo#
#.....##### ##.#
####.######
##...#..... ...####
#.####### ##.##.####
#####P####
#.......#####.##.#
##..#.#
#####.#..........#
#P.._## #...#####.####
####.P..P############
#.#
.....⌠._#.........#
#.#
...#..P.#.#######.#
#.#


You could see an orc warrior and an orc.

Vanquished Creatures
  An ogre (D:4)
  A scorpion (D:4)
  A centaur skeleton (D:4)
  Jessica (D:2)
  A worker ant (D:4)
  9 adders
  3 gnolls (D:2)
  An ooze (D:3)
  2 worms
  2 dart slugs (D:1)
  5 leopard geckos
  7 orcs
  7 ball pythons
  4 bats
  5 giant cockroaches
  8 goblins
  7 hobgoblins
  4 jackals (Sewer)
  2 quokkas (D:2)
  6 frilled lizards
  15 kobolds
  7 rats
99 creatures vanquished.

Notes
Turn   | Place    | Note
-------+----------+-------------------------------------------
     0 | D:1      | Hasart the Octopode Fighter began the quest for the Orb.
     0 | D:1      | Reached XP level 1. HP: 16/16 MP: 1/1
   127 | D:1      | Reached XP level 2. HP: 21/21 MP: 2/2
   671 | D:1      | You fall through a shaft!
   677 | D:2      | Reached XP level 3. HP: 24/26 MP: 3/3
  1007 | D:2      | Found a faded altar of an unknown god.
  1016 | D:2      | Noticed Jessica
  1021 | D:2      | Killed Jessica
  1021 | D:2      | Reached XP level 4. HP: 29/31 MP: 4/4
  1336 | D:2      | Reached XP level 5. HP: 30/37 MP: 5/5
  1560 | D:3      | Found a hide-covered altar of Uskayaw.
  1561 | D:3      | Found a hazy altar of Hepliaklqana.
  1563 | D:3      | Found a blossoming altar of Fedhas.
  1726 | D:3      | Found a glowing drain.
  1734 | Sewer    | Entered a sewer
  3126 | D:3      | Found a bloodstained altar of Trog.
  3331 | D:3      | Reached XP level 6. HP: 40/43 MP: 6/6
  3405 | D:3      | Found a deep blue altar of Sif Muna.
  3945 | D:4      | Reached XP level 7. HP: 14/49 MP: 7/7
  4213 | D:4      | Found a blossoming altar of Fedhas.
  4412 | D:3      | Mangled by an orc warrior

Skill      XL: |  1  2  3  4  5  6 |
---------------+-------------------+-----
Maces & Flails | 3 4 |  4.5
Fighting       | 4 |  4.3
Dodging        | 4 |  4.4
Shields        | 4 |  4.3

Action                   |  1- 3 |  4- 6 |  7- 9 || total
-------------------------+-------+-------+-------++-------
Melee: Flail             |    51 |   136 |    13 ||   200
       Constrict         |    15 |    30 |     3 ||    48
       Tentacles         |    10 |    16 |     4 ||    30
  Use: Potion            |       |     1 |     1 ||     2
 Stab: Sleeping          |     6 |    16 |       ||    22
  Eat: Chunk             |       |     9 |       ||     9
       Fruit             |       |     1 |       ||     1
Armor: Skin              |     2 |     9 |       ||    11
Dodge: Dodged            |    24 |    54 |    11 ||    89
Block: Shield            |    13 |    59 |    11 ||    83
